 Dungeon Crawl Stone Soup version 0.31.0-1-g2c135a008e (webtiles) character file.

Game seed: 14225668936428459380

107 qw the Shooter (level 5, -3/40 HPs)
             Began as a Djinni Hunter on Jan 23, 2024.
             Slain by an orc priest
             ... wielding a +0 flail
              (5 damage)
             ... on level 3 of the Dungeon.
             The game lasted 00:00:05 (1628 turns).

qw the Shooter (Djinni Hunter)                      Turns: 1628, Time: 00:00:06

Health: -3/40      AC:  7    Str: 10    XL:     5   Next: 10%
Gold:   96         EV: 11    Int: 10    God:
                   SH:  0    Dex: 19

rFire   + + .        a - +1 shortbow
rCold   x . .        (shield currently unavailable)
rNeg    . . .        d - +0 ring mail
rPois   inf          (no helmet)
rElec   .            i - +0 cloak
rCorr   .            g - +0 pair of gloves
SInv    .            (boots unavailable)
Will    .....        (no amulet)
Stlth   +            (no ring)
HPRegen 0.26/turn    (no ring)
MPRegen 0.00/turn

%: infuse magic (-4 HP)
@: flying
A: sickness immunity, fire resistance 2, cold vulnerability 1, float, innate
caster, HP casting, extra vitality 1
a: no special abilities


You were on level 3 of the Dungeon.
You visited 1 branch of the dungeon, and saw 3 of its levels.

You collected 96 gold pieces.


Innate Abilities, Weirdness & Mutations

You are immune to sickness and miasma.
You are immune to poison.
Your flesh is very heat resistant. (rF++)
You are vulnerable to cold. (rC-)
You float through the air rather than walking.
You learn spells naturally, not from books.
Your magical power is your life essence.
You have superior vitality. (+4 MHP)


   Skills:
 - Level 3.0 Fighting
 + Level 4.4 Ranged Weapons
 - Level 1.0 Armour
 - Level 2.1 Dodging
 - Level 0.7 Stealth


You knew the following spells:

 Your Spells              Type           Power      Damage    Failure   Level
a - Kiss of Death         Conj/Necr      0%         2d5       67%         1
b - Static Discharge      Conj/Air       0%         3-3/arc   82%         2
Your spell library was empty.

Inventory:

Hand Weapons
 a - a +1 shortbow (weapon)
Armour
 d - a +0 ring mail (worn)
 g - a +0 pair of gloves (worn)
 i - a +0 cloak (worn)
Scrolls
 b - a scroll of identify
Potions
 c - a potion of haste
 e - a potion of might {unknown}
 h - a potion of enlightenment {unknown}
 l - a potion of degeneration {unknown}

Dungeon Overview and Level Annotations

Branches:
Dungeon (3/15)

Altars:
Gozag


Message History

The orc misses you. The orc hits you with a +0 falchion!
The orc closely misses you.
You shoot an arrow. The arrow completely misses the orc.
The orc hits you with a +0 hand axe. The orc hits you but does no damage.
The orc misses you.
You shoot an arrow. The arrow closely misses the orc.
The orc hits you but does no damage. The orc barely misses you.
The orc hits you but does no damage.
You shoot an arrow. The arrow barely misses the orc.
The arrow hits the orc.
The orc is lightly wounded.
The orc barely misses you. The orc hits you but does no damage. x2
The orc hits you with a +0 falchion. The orc hits you with a +0 hand axe.
The orc closely misses you.
1624 ||| DRINKING potion of heal wounds.
You feel much better. The orc barely misses you.
The orc hits you with a +0 falchion! The orc hits you with a +0 short sword.
The orc priest calls upon Beogh to heal the orc.
The orc's wounds heal themselves!
You shoot an arrow. The arrow hits the orc.
The orc is severely wounded.
The orc hits you with a +0 hand axe. The orc barely misses you.
The orc hits you but does no damage.
You shoot an arrow. The arrow hits the orc.
You kill the orc!
The orc completely misses you. The orc hits you with a +0 short sword.
The orc hits you but does no damage.
You shoot an arrow. The arrow hits the orc priest!
The orc priest is heavily wounded.
The orc hits you with a +0 falchion.
The orc priest calls down the wrath of Beogh upon you.
Pain shoots through your body! The orc hits you with a +0 short sword.
The orc misses you. The orc hits you but does no damage.
The orc hits you with a +0 club. The orc closely misses you.
The orc priest hits you with a +0 flail.
You shoot an arrow. The arrow hits the orc priest!
The orc priest is almost dead.
The orc closely misses you.
The orc priest hits you with a +0 flail.
You die...

# #.. .. #.# ##)##
##########.# .....#
........##.#
###...#..
.....##.##.#
###oo......
#.##.##.###..@oo.._.#
#
#.##.##.##..##o$.....
## #.##.##.#..##
....#..
.###.##.#....##
......#
.....##....###
.....#. .........###
.....# ######.>##
.....# ##.# .....#
#.#


You could see an orc priest and 4 orcs.

Vanquished Creatures
  An orc priest (D:3)
  3 adders
  3 dart slugs
  A ribbon worm (D:2)
  2 orcs (D:3)
  4 ball pythons
  5 endoplasms
  7 goblins
  6 hobgoblins
  2 quokkas
  4 frilled lizards (D:1)
  2 rats
40 creatures vanquished.

Notes
Turn   | Place    | Note
-------+----------+-------------------------------------------
     0 | D:1      | qw the Djinni Hunter began the quest for the Orb.
     0 | D:1      | Reached XP level 1. HP: 18/18 MP: 0/0
     0 | D:1      | 0 ||| qw: Version: 0.3-a-132-g3d54051
     0 | D:1      | 0 ||| qw: Game counter: 629
     0 | D:1      | 0 ||| qw: Melee chars always use a shield: true
     0 | D:1      | 0 ||| qw: God list: Okawaru
     0 | D:1      | 0 ||| qw: Allow faded altars: false
     0 | D:1      | 0 ||| qw: Do Orc after clearing Dungeon:15 true
     0 | D:1      | 0 ||| qw: Do second Lair branch before Depths: true
     0 | D:1      | 0 ||| qw: Lair rune preference: random
     0 | D:1      | 0 ||| qw: Goals: Normal
     0 | D:1      | 0 ||| PLANNING D:1-11
    31 | D:1      | Reached XP level 2. HP: 22/23 MP: 0/0
   233 | D:1      | Reached skill level 4 in Ranged Weapons
   233 | D:1      | Reached XP level 3. HP: 28/28 MP: 0/0
   233 | D:1      | Learned a level 1 spell: Kiss of Death
   426 | D:1      | 426 ||| UPGRADING to +0 ring mail.
   436 | D:1      | 436 ||| DROPPING +0 leather armour.
   437 | D:1      | 437 ||| UPGRADING to +0 pair of gloves.
   442 | D:1      | 442 ||| UPGRADING to +0 cloak.
   447 | D:1      | 447 ||| READING scroll labelled WIAW RYNNOE.
   447 | D:1      | 447 ||| ENCHANTING +0 shortbow.
   448 | D:1      | 448 ||| DROPPING scroll of butterflies.
   522 | D:2      | Reached skill level 1 in Armour
   602 | D:2      | Found a faded altar of an unknown god.
   647 | D:2      | Reached XP level 4. HP: 26/34 MP: 0/0
   647 | D:2      | 647 ||| FLEEEEING.
  1059 | D:2      | Reached skill level 3 in Fighting
  1320 | D:2      | 1320 ||| READING scroll labelled WENLOPH BUIHAC.
  1320 | D:2      | 1320 ||| IDENTIFYING glowing amethyst potion
  1321 | D:2      | 1321 ||| READING scroll labelled EMPAZI OKOHAFF.
  1322 | D:2      | 1322 ||| READING scroll labelled NYSUALYUKE.
  1323 | D:2      | 1323 ||| FLEEEEING.
  1326 | D:2      | 1326 ||| STAIRDANCE
  1383 | D:1      | 1383 ||| DRINKING 2 fuming sapphire potions.
  1448 | D:3      | 1448 ||| STAIRDANCE
  1466 | D:3      | 1466 ||| STAIRDANCE
  1583 | D:3      | 1583 ||| FLEEEEING.
  1607 | D:3      | Found an opulent altar of Gozag.
  1619 | D:3      | Reached XP level 5. HP: 25/40 MP: 0/0
  1619 | D:3      | Learned a level 2 spell: Static Discharge
  1623 | D:3      | HP: 7/40 [orc/+0 hand axe (5)]
  1624 | D:3      | 1624 ||| DRINKING potion of heal wounds.
  1627 | D:3      | HP: 2/40 [orc priest/+0 flail (3)]
  1628 | D:3      | Slain by an orc priest

Levels and vault maps discovered:
D:1:      beargit_arrival_greenhouse, layout_basic, chequers_arboretum
D:2:      layout_basic, hellmonk_ecumenical_altar_heavens_door
D:3:      layout_basic, mainiacjoe_overflow_tiny_flanked, dk_noncrumbling_3,
          uniq_robin

Skill      XL: |  1  2  3  4 |
---------------+-------------+-----
Ranged Weapons | 4 |  4.4
Armour         | 1 |  1.0
Fighting       | 3 |  3.0
Dodging        | |  2.1
Stealth        | |  0.7

Action                     |  1- 3 |  4- 6 || total
---------------------------+-------+-------++-------
   Fire: Shortbow          |    65 |    62 ||   127
    Use: Scroll            |     1 |     3 ||     4
         Potion            |       |     2 ||     2
 Armour: Leather armour    |     6 |       ||     6
         Ring mail         |     9 |    32 ||    41
  Dodge: Dodged            |    11 |    38 ||    49

Table legend:
 A = Non-vault XP
 B = Vault XP
 C = Vault XP percentage of total XP
 D = Non-vault monster count
 E = Vault monster count
 F = Vault count percentage of total count
                 A         B        C        D         E       F
            +---------+---------+-------+---------+---------+-------
      Total |     153 |       0 |   0.0 |      40 |       0 |   0.0
            +---------+---------+-------+---------+---------+-------
        D:1 |      42 |       0 |   0.0 |      22 |       0 |   0.0
        D:2 |      49 |       0 |   0.0 |      13 |       0 |   0.0
        D:3 |      62 |       0 |   0.0 |       5 |       0 |   0.0
            +---------+---------+-------+---------+---------+-------
